 Dungeon Crawl Stone Soup version 0.22.1-5-g62c59d919a (webtiles) character file.

2719977 Kagerou the Conqueror (level 27, 249/249 HPs)
             Began as a Barachi Hunter on Jan 8, 2019.
             Was a High Priest of Cheibriados.
             Escaped with the Orb
             ... and 5 runes on Jan 9, 2019!
             The game lasted 06:40:39 (89662 turns).

Kagerou the Conqueror (Barachi Hunter)             Turns: 89662, Time: 06:40:40

Health: 249/249    AC: 50    Str: 30    XL:     27
Magic:  43/43      EV: 29    Int: 31    God:    Cheibriados [*****.]
Gold:   3519       SH:  0    Dex: 29    Spells: 22/40 levels left

rFire    + . .     SeeInvis +   a - +7 longbow (freeze)
rCold    . . .     Gourm    .   (shield currently unavailable)
rNeg     + + +     Faith    .   Q - +10 plate armour {MR+}
rPois    .         Spirit   .   J - +1 hat
rElec    +         Reflect  .   p - +2 cloak {MR+}
rCorr    .         Harm     .   G - +1 pair of gloves
MR       ++++.                  Y - +2 pair of boots of the Eight Suns {+Inv SInv}
Stlth    ..........             N - amulet of Jubboid {RegenMP *Contam rElec rN+++ Slay+2}
HPRegen  0.51/turn              F - ring "Udereav" {rF+ MP+9 Slay+3}
MPRegen  0.53/turn              H - +6 ring of protection {!R}

@: deflect missiles, very slow
A: +LOS, swims, iridescent scales 1, slowness 1, evolution 1, subdued magic 1,
strong legs 2
0: Orb of Zot
}: 5/15 runes: decaying, serpentine, slimy, silver, abyssal
a: Hop, Bend Time, Temporal Distortion, Slouch, Step From Time, Renounce
Religion, Evoke Invisibility


You escaped.
You worshipped Cheibriados.
Cheibriados was extremely pleased with you.
You were not hungry.

You visited 11 branches of the dungeon, and saw 55 of its levels.
You visited the Abyss 1 time.
You visited 1 bazaar.
You also visited: Trove.

You collected 8737 gold pieces.
You spent 5218 gold pieces at shops.

Inventory:

Hand Weapons
 a - a +7 longbow of freezing (weapon)
 b - a +0 lajatang
Missiles
 h - 3 throwing nets
 i - 1147 arrows (quivered)
Armour
 p - a +2 cloak of magic resistance (worn)
 r - the +5 pair of boots of Dim Light {rC++ Str+3 Int+3}
   (You acquired it on level 4 of the Realm of Zot)

   It affects your strength (+3).
   It affects your intelligence (+3).
   It greatly protects you from cold.
 G - a +1 pair of gloves (worn)
 J - a +1 hat (worn)
 Q - a +10 plate armour of magic resistance (worn)
 V - +0 shadow dragon scales
 Y - the +2 pair of boots of the Eight Suns (worn) {+Inv SInv}
   (You bought it in a shop on level 2 of the Orcish Mines)

   It lets you see invisible.
   It lets you turn invisible.
Jewellery
 c - the ring "Xykeev" {rCorr rPois Str+6}
   (You took it off a tengu reaver on level 5 of the Vaults)

   [ring of resist corrosion]

   It affects your strength (+6).
   It protects you from poison.
 f - an uncursed ring of protection from fire
 n - the ring of the Thirteen Wonders {rCorr rElec rF- rC+++ rN+}
   (You took it off a centaur warrior on level 12 of the Dungeon)

   [ring of resist corrosion]

   It makes you vulnerable to fire.
   It renders you almost immune to cold.
   It insulates you from electricity.
   It protects you from negative energy.
 F - the ring "Udereav" (left hand) {rF+ MP+9 Slay+3}
   (You bought it in a shop on level 2 of the Elven Halls)

   [ring of magical power]

   It affects your accuracy and damage with ranged weapons and melee attacks
   (+3).
   It protects you from fire.
   It affects your magic capacity (+9).
 H - a +6 ring of protection (right hand) {!R}
 M - an uncursed ring of protection from magic
 N - the amulet of Jubboid (around neck) {RegenMP *Contam rElec rN+++ Slay+2}
   (You bought it in a shop on level 6 of the Dungeon)

   [amulet of magic regeneration]

   It increases your magic regeneration.
   It affects your accuracy and damage with ranged weapons and melee attacks
   (+2).
   It insulates you from electricity.
   It renders you almost immune to negative energy.
   It causes magical contamination when unequipped.
 P - the ring "Kaguij" {+Blink rPois rC+ Int-2}
   (You took it off a deep elf mage on level 3 of the Elven Halls)

   [ring of poison resistance]

   It affects your intelligence (-2).
   It protects you from cold.
   It protects you from poison.
   It lets you blink.
Wands
 d - a wand of acid (42)
 y - a wand of clouds (7)
 B - a wand of iceblast (27)
 D - a wand of digging (31)
 U - a wand of paralysis (38)
Scrolls
 g - 18 scrolls of teleportation
 o - 25 scrolls of identify
 s - 8 scrolls of fog
 A - 3 scrolls of holy word
 C - 24 scrolls of remove curse
 K - 4 scrolls of magic mapping
 R - 3 scrolls of silence
 T - 8 scrolls of blinking
 W - a scroll of summoning
 Z - 4 scrolls of fear
Potions
 k - 3 potions of invisibility
 l - 11 potions of heal wounds
 m - 15 potions of flight
 q - 4 potions of magic
 u - 28 potions of curing
 w - 5 potions of cancellation
 x - 4 potions of agility
 z - 3 potions of resistance
 E - 6 potions of brilliance
 I - 5 potions of mutation
 O - 2 potions of ambrosia
 X - 2 potions of might
Miscellaneous
 e - 4 boxes of beasts
 j - a lamp of fire
 t - a fan of gales
 v - a lightning rod (4/4)
 S - 5 sacks of spiders
Comestibles
 L - 61 rations


   Skills:
 O Level 27 Fighting
 - Level 14.0 Staves
 - Level 20.0 Bows
   Level 10.0 Crossbows
 + Level 22.0 Armour
 + Level 21.2 Dodging
 - Level 2.3 Stealth
 - Level 7.0 Spellcasting
 - Level 14.0 Charms
 - Level 4.0 Necromancy
 - Level 8.0 Translocations
 - Level 5.0 Transmutations
 - Level 14.0 Air Magic
 - Level 5.0 Earth Magic
 - Level 12.0 Invocations
 - Level 15.1 Evocations


You had 22 spell levels left.
You knew the following spells:

 Your Spells              Type           Power        Failure   Level  Hunger
a - Apportation           Tloc           #####.       1%          1    None
b - Blink                 Tloc           N/A          1%          2    None
r - Regeneration          Chrm/Necr      ######....   1%          3    None
s - Sticks to Snakes      Tmut           ####....     2%          2    None
M - Deflect Missiles      Chrm/Air       ######....   6%          6    ######.
S - Song of Slaying       Chrm           ######..     1%          2    None
W - Passwall              Tmut/Erth      ####....     2%          2    None

Your spell library contained the following spells:

 Spells                   Type           Power        Failure   Level  Hunger
 Beastly Appendage        Tmut           ####..       1%          1    None
 Infusion                 Chrm           ####         1%          1    None
 Sandblast                Erth           ####..       1%          1    None
 Poisonous Vapours        Pois/Air       #####.       1%          2    None
 Shroud of Golubria       Chrm/Tloc      ######....   1%          2    None
 Gell's Gravitas          Tloc           #####.....   1%          3    None
 Lesser Beckoning         Tloc           #####.....   1%          3    None
 Ozocubu's Armour         Chrm/Ice       #####...     1%          3    None
 Spectral Weapon          Hex/Chrm       #####...     1%          3    None
 Airstrike                Air            ######....   1%          4    ##.....
 Animate Skeleton         Necr           N/A          2%          1    None
 Pain                     Necr           ####         2%          1    None
 Corpse Rot               Necr           N/A          3%          2    None
 Mephitic Cloud           Conj/Pois/Air  ####....     5%          3    None
 Recall                   Summ/Tloc      N/A          8%          3    None
 Vampiric Draining        Necr           ####......   8%          3    None
 Confusing Touch          Hex            #.....       13%         1    None
 Corona                   Hex            #......      13%         1    None
 Freeze                   Ice            #...         13%         1    None
 Magic Dart               Conj           #...         13%         1    None
 Summon Butterflies       Summ           #.......     13%         1    None
 Spider Form              Tmut/Pois      ###.......   14%         3    None
 Stone Arrow              Conj/Erth      ###...       14%         3    None
 Petrify                  Tmut/Erth      ####....     17%         4    ##.....
 Call Imp                 Summ           #.......     21%         2    None
 Ensorcelled Hibernation  Hex/Ice        #.....       21%         2    None
 Searing Ray              Conj           #.....       21%         2    None
 Slow                     Hex            #.......     21%         2    None
 Throw Frost              Conj/Ice       #.....       21%         2    None
 Animate Dead             Necr           N/A          26%         4    ##.....
 Force Lance              Conj/Tloc      ####....     26%         4    ##.....
 Confuse                  Hex            #.......     38%         3    None
 Conjure Flame            Conj/Fire      #.......     38%         3    None
 Dazzling Spray           Conj/Hex       #.....       38%         3    None
 Tukima's Dance           Hex            #.......     38%         3    None
 Ice Form                 Ice/Tmut       ###.....     45%         4    ##.....
 Leda's Liquefaction      Hex/Erth       ###.......   45%         4    ##.....
 Blade Hands              Tmut           ####......   45%         5    ####...
 Lee's Rapid Deconstruct  Erth           ####......   45%         5    ####...
 Borgnjor's Vile Clutch   Necr/Erth      ####......   52%         5    ####...
 Summon Forest            Summ/Tloc      ####......   61%         5    ####...
 Conjure Ball Lightning   Conj/Air       #####.....   77%         6    ######.
 Fulminant Prism          Conj/Hex       #.........   82%         4    ##.....
 Iskenderun's Mystic Bla  Conj           #.......     82%         4    ##.....
 Summon Ice Beast         Ice/Summ       #.......     82%         4    ##.....
 Throw Icicle             Conj/Ice       #.......     82%         4    ##.....
 Alistair's Intoxication  Tmut/Pois      ###.....     82%         5    ####...
 Irradiate                Conj/Tmut      ###.......   82%         5    ####...
 Yara's Violent Unravell  Hex/Tmut       ###.......   82%         5    ####...
 Hydra Form               Tmut           ####......   96%         6    ######.
 Statue Form              Tmut/Erth      ####.....    96%         6    ######.
 Freezing Cloud           Conj/Ice/Air   ####......   98%         6    ######.
 Aura of Abjuration       Summ           #.........   99%         5    ####...
 Metabolic Englaciation   Hex/Ice        #.........   99%         5    ####...
 Summon Demon             Summ           #.........   99%         5    ####...
 Summon Mana Viper        Hex/Summ       #.......     99%         5    ####...
 Invisibility             Hex            #.......     100%        6    ######.
 Shadow Creatures         Summ           N/A          100%        6    ######.
 Simulacrum               Ice/Necr       ###.......   100%        6    ######.
 Dragon Form              Tmut           ####......   100%        7    #######
 Ring of Flames           Chrm/Fire      #####.....   100%        7    #######
 Summon Hydra             Summ           #.........   100%        7    #######
 Controlled Blink         Tloc           N/A          100%        8    #######


Dungeon Overview and Level Annotations

Branches:
Dungeon (15/15)            Temple (1/1) D:4            Lair (6/6) D:10
  Swamp (4/4) Lair:2        Snake (4/4) Lair:3        Slime (5/5) Lair:5
    Orc (2/2) D:10            Elf (3/3) Orc:2        Vaults (5/5) D:14
  Crypt (0/3) Vaults:2     Depths (5/5) D:15            Zot (5/5) Depths:5

Altars:
Ashenzari
Cheibriados
Dithmenos
Elyvilon
Fedhas
Gozag
Hepliaklqana
Kikubaaqudgha
Makhleb
Nemelex Xobeh
Okawaru
Qazlal
Ru
Sif Muna
Trog
Uskayaw
Vehumet
Wu Jian
Xom
Yredelemnul
Zin
The Shining One
Jiyva

Shops:
D:6 =   D:7 }   D:14 *   Orc:2 [}!*   Elf:2 ==   Snake:2 %[}   Snake:3 %:
Vaults:1 !   Vaults:4 =   Vaults:5 (   Depths:2 }

Portals:
Hell: Depths:1 Depths:2 Depths:3 Depths:4 Depths:5
Abyss: Depths:4 Depths:5
Pandemonium: Orc:2 Depths:3 Depths:5
Ziggurat: Depths:4

Annotations:
D:14 manual of axes, Vaults entrance
Snake:1 exclusion: 2 downstairs
Slime:5 plate of rF+
Orc:2 arbalest??
Elf:3 Damnation AND Sniper T_T
Vaults:2 1 runed door, Aptutam's ghost, adept MiFi
Vaults:3 +3 fire dragon scales, exclusion: downstairs
Vaults:5 storm dragon scales
Depths:3 lolhemlet
Depths:4 brand weapon
Depths:5 1 runed door, Koimpa's ghost, veteran MiBe
Zot:1 1 runed door, coier1's ghost, legendary GnWn


Innate Abilities, Weirdness & Mutations

Shadows flee at your approach. (+LOS)
You can swim through water.
You cover ground slowly.
You can hop long distances.
You are partially covered in iridescent scales. (AC +2)
You evolve.
Your spells are a little easier to cast, but a little less powerful.


Message History

Your skin stops crawling.
i - 1144 arrows (gained 1)
i - 1145 arrows (gained 1)
i - 1146 arrows (gained 1)
i - 1147 arrows (gained 1)
Casting: Regeneration (safe; 1% risk of failure)
Confirm with . or Enter, or press ? or * to list all spells.
Aiming: Passwall (safe; 2% risk of failure)
Press: ? - help, Dir - move target cursor A rock wall.
This square is covered in magical glow.
You begin to meditate on the wall.
You continue meditating on the rock. x2
You finish merging with the rock.
Unknown command.
Magic restored.
There is an open door here.
There is an open door here.
There is an open door here.
There is a staircase leading out of the dungeon here.
You have escaped!

......# #.# ##.#####.# #....
####### #.# #........# #.... #
#.# #'######## #...# # #.# #.#
#######.... # #.# #'# #..........
###########.# #.# #..........
............# ##'## #..........
#########.#####...#####.)........
#.'.'.'.@.'.'.'..........
#######..[#####..........
##'##..............
#.#..############# #'#.## #.#.#
#'#.# #...# #####


There were no monsters in sight!

Vanquished Creatures
  the Royal Jelly (Slime:5)
  5 ancient liches
  6 orbs of fire (Zot:5)
  Sojobo (Depths:1)
  Boris (Depths:4)
  Vashnia (Snake:2)
  Xtahua (Vaults:3)
  3 Killer Klowns
  3 caustic shrikes (Depths:5)
  3 curse toes
  9 golden dragons
  3 bone dragons
  3 electric golems (Zot:5)
  2 pandemonium lords (D:1)
  15 tentacled monstrosities
  29 Orb Guardians
  3 deep elf blademasters
  6 death cobs
  Asterion (Snake:2)
  5 titans
  18 acid blobs
  5 quicksilver dragons
  3 liches
  2 deep elf master archers (Elf:3)
  3 sphinxes
  2 tentacled starspawn
  9 tengu reavers
  17 large abominations
  An azure jelly (shapeshifter) (Vaults:1)
  9 storm dragons
  12 shadow dragons
  A thorn hunter (Swamp:4)
  13 nagarajas
  9 azure jellies
  Roxanne (Snake:3)
  11 fire giants
  5 draconian monks
  11 frost giants
  2 iron dragons
  13 vault wardens
  9 deep elf sorcerers
  8 draconian knights
  An orc warlord (Orc:2)
  Louise (Elf:2)
  2 balrugs
  3 ghost moths
  4 draconian annihilators
  2 draconian scorchers
  4 deep elf elementalists
  2 reapers
  10 ironheart preservers
  4 draconian shifters
  31 stone giants
  2 caustic shrike skeletons (Depths:4)
  3 entropy weavers
  9 very ugly things
  10 vampire knights
  8 starcursed masses (Abyss:3)
  Azrael (Snake:2)
  6 black draconians
  7 green draconians
  Nessos (Lair:4)
  7 purple draconians
  8 deep elf demonologists
  11 deep elf annihilators
  10 yellow draconians
  4 spark wasps
  14 red draconians
  11 white draconians
  13 deep elf death magi
  7 fire dragons
  A fire dragon (shapeshifter) (Vaults:3)
  5 death oozes (Slime:5)
  12 ettins
  6 jiangshi
  5 deep elf high priests
  A quicksilver dragon skeleton (Abyss:3)
  22 yaktaur captains
  7 ice dragons
  25 hydras
  10 naga warriors
  5 rakshasas
  10 great orbs of eyes
  Fannar (D:10)
  28 vault guards
  5 spriggan air magi (Depths:5)
  17 centaur warriors
  8 alligators
  3 death knights
  Erica (Lair:2)
  3 catoblepae
  8 deep troll shamans
  The ghost of Circulus the Zephyrmancer, a journeyman TeAE of Dithmenos (D:8)
  An anaconda (shapeshifter) (Vaults:5)
  A two-headed ogre (shapeshifter) (Vaults:5)
  51 two-headed ogres
  11 anacondas
  10 death yaks
  6 deep troll earth magi
  3 tengu warriors
  32 dancing weapons
  17 ogre magi
  5 vampire magi
  2 hell hogs (Depths:1)
  5 orc high priests
  5 thrashing horrors (Abyss:3)
  9 shock serpents
  7 spriggan berserkers
  A sun demon (Orc:2)
  20 deep elf knights
  11 small abominations
  Sonja (Lair:4)
  19 naga sharpshooters
  2 wretched stars
  16 hell knights
  10 iron trolls
  18 deep trolls
  14 sea snakes
  3 spatial maelstroms (Abyss:3)
  3 sixfirhies
  2 shadow wraiths
  2 spriggan druids (Swamp:4)
  3 storm dragon skeletons
  6 flayed ghosts
  8 wizards
  A shambling mangrove (Swamp:2)
  9 glowing orange brains
  15 swamp dragons
  A torturous demonspawn (Orc:2)
  3 unseen horrors
  6 naga ritualists
  17 deep elf archers
  A gelid demonspawn (D:10)
  19 ironbrand convokers
  3 orange crystal statues
  A tengu zombie (Depths:4)
  7 lindwurms
  4 harpies
  A stone giant zombie (Vaults:2)
  71 deep elf magi
  2 wolf spider zombies (D:14)
  3 phantasmal warriors
  6 necromancers
  7 wolf spiders
  6 mana vipers
  2 shining eyes
  2 wolf spiders (shapeshifter)
  12 orc sorcerers
  A shadow dragon skeleton (Abyss:3)
  4 oklob plants
  19 orc knights
  5 salamanders
  A frost giant zombie (Depths:4)
  A sphinx skeleton (Depths:4)
  27 ugly things
  15 cyclopes
  3 fire giant zombies
  35 moths of wrath
  3 manticores
  2 elephants (Lair:6)
  An eye of devastation (Slime:3)
  A salamander (shapeshifter) (Vaults:3)
  A worldbinder (Abyss:3)
  Maurice (D:9)
  2 human skeletons
  15 vault sentinels
  6 centaur zombies
  2 apocalypse crabs (Abyss:3)
  A black mamba (shapeshifter) (Vaults:4)
  A spriggan zombie (Depths:4)
  29 black mambas
  2 water nymphs (shapeshifter) (Vaults:5)
  6 guardian serpents
  A rust devil (Zot:2)
  17 naga magi
  Psyche (D:9)
  3 fire giant skeletons (Depths:2)
  A torpor snail (Lair:5)
  An orange demon (Abyss:3)
  5 smoke demons
  5 centaur skeletons
  5 gargoyles
  45 yaktaurs
  19 spiny frogs
  4 kobold demonologists
  A rime drake (shapeshifter) (Vaults:3)
  9 efreet
  A tormentor (D:7)
  8 rime drakes
  10 freezing wraiths
  A hellion (Abyss:3)
  6 tengu conjurers
  5 komodo dragons
  3 ice devils
  2 ancient zymes (Abyss:3)
  A hellwing (Orc:2)
  A troll (shapeshifter) (Vaults:1)
  5 polar bears
  2 red devils
  3 wind drakes (shapeshifter)
  A jumping spider (shapeshifter) (Vaults:3)
  A sphinx simulacrum (Vaults:2)
  10 trolls
  A tyrant leech (shapeshifter) (Vaults:5)
  12 hornets
  A blink frog (shapeshifter) (Depths:1)
  12 blink frogs
  12 raiju (Abyss:3)
  9 tyrant leeches
  5 dream sheep (Lair:4)
  12 hippogriffs
  9 bog bodies
  A hippogriff (shapeshifter) (Depths:1)
  82 slime creatures
  A dream sheep (shapeshifter) (Vaults:5)
  4 flying skulls (Depths:4)
  2 shadows
  A vampire (D:12)
  2 water elementals
  2 ettin skeletons
  3 air elementals (Elf:3)
  7 spriggans
  An ice dragon skeleton (Abyss:3)
  2 tarantellas (Vaults:3)
  5 wyverns
  42 yaks
  6 redbacks
  20 humans (D:14)
  6 basilisks
  6 fire elementals
  3 ynoxinuls
  8 vampire mosquitoes
  12 golden eyes
  A wraith (Vaults:1)
  7 neqoxecs
  A yaktaur simulacrum (Vaults:2)
  4 hungry ghosts
  5 chaos spawn
  5 wargs
  14 spatial vortices (Abyss:3)
  4 insubstantial wisps
  46 nagas
  Edmund (D:5)
  15 swamp worms
  5 acid dragons
  10 hell hounds
  10 water moccasins
  An ogre skeleton (Vaults:1)
  A floating eye (Depths:3)
  13 porcupines
  A floating eye (shapeshifter) (Vaults:5)
  A swamp drake (shapeshifter) (Depths:1)
  61 orc warriors
  6 sky beasts
  5 ice beasts
  4 black bears
  8 swamp drakes
  3 phantoms
  53 ogres
  3 necrophages
  A snapping turtle skeleton (Abyss:3)
  5 eyes of draining
  2 boggarts
  32 wolves
  2 elf skeletons
  18 centaurs
  A crocodile (shapeshifter) (Depths:1)
  13 crocodiles
  5 big kobolds
  15 bullfrogs
  2 gnoll sergeants
  A glowing shapeshifter simulacrum (Vaults:2)
  3 earth elementals
  5 scorpions
  17 wights
  7 electric eels
  4 howler monkeys
  11 crimson imps
  6 quasits
  2 human simulacra
  7 hounds
  An iron imp (Depths:5)
  4 jellies
  4 bullfrog zombies
  A bullfrog skeleton (D:12)
  32 orc priests
  Ijyb (D:3)
  Natasha (thrice) (D:2)
  4 iguanas
  30 orc wizards
  14 worker ants
  2 hound zombies
  A hound skeleton (D:5)
  A mummy (D:9)
  2 worker ant zombies
  16 gnolls
  19 adders
  6 shadow imps
  4 white imps (Abyss:3)
  2 ufetubi (Abyss:3)
  2 oozes
  2 adder skeletons
  4 worms
  6 leopard geckos
  103 orcs
  2 ball pythons
  6 bats
  5 giant cockroaches
  3 goblins
  10 hobgoblins
  9 jackals
  23 kobolds
  7 quokkas
  6 frilled lizards
  A quokka skeleton (D:4)
  15 rats
  4 crawling corpses (Vaults:5)
  26 plants
  4 starspawn tentacles
2630 creatures vanquished.

Vanquished Creatures (others)
  A moth of wrath (Zot:5)
  A tyrant leech (Swamp:1)
  An orc wizard (D:6)
  A small abomination (Abyss:3)
  7 fungi
  7 plants
  5 starspawn tentacles
23 creatures vanquished.

Grand Total: 2653 creatures vanquished

Notes
Turn   | Place    | Note
-------+----------+-------------------------------------------
     0 | D:1      | Kagerou the Barachi Hunter began the quest for the Orb.
     0 | D:1      | Reached XP level 1. HP: 17/17 MP: 1/1
   132 | D:1      | Reached XP level 2. HP: 23/23 MP: 2/2
   157 | D:1      | Reached skill level 3 in Fighting
   510 | D:1      | Reached XP level 3. HP: 29/29 MP: 3/3
  1140 | D:2      | Found a white marble altar of Elyvilon.
  1149 | D:2      | Became a worshipper of Elyvilon the Healer
  1210 | D:2      | Noticed Natasha
  1316 | D:2      | Reached skill level 4 in Fighting
  1316 | D:2      | Reached XP level 4. HP: 31/37 MP: 4/4
  1400 | D:2      | Killed Natasha
  1400 | D:2      | Reached skill level 5 in Crossbows
  1467 | D:2      | Noticed Natasha
  1472 | D:2      | Killed Natasha
  1510 | D:2      | Reached XP level 5. HP: 35/43 MP: 5/5
  1678 | D:2      | Found a snail-covered altar of Cheibriados.
  1685 | D:2      | Fell from the grace of Elyvilon
  1685 | D:2      | Became a worshipper of Cheibriados the Contemplative
  1875 | D:2      | Noticed Natasha
  1877 | D:2      | Killed Natasha
  1905 | D:2      | Found an ornate altar of the Wu Jian Council.
  1926 | D:3      | Found a hide-covered altar of Uskayaw.
  2053 | D:3      | Reached skill level 1 in Stealth
  2431 | D:3      | Reached skill level 5 in Fighting
  2838 | D:3      | Noticed Ijyb
  2846 | D:3      | Killed Ijyb
  3308 | D:4      | Reached * piety under Cheibriados
  3344 | D:4      | Reached XP level 6. HP: 51/51 MP: 6/6
  3585 | D:4      | Reached skill level 2 in Stealth
  3621 | D:4      | Reached skill level 6 in Crossbows
  3649 | D:4      | Found a staircase to the Ecumenical Temple.
  3653 | D:4      | Noticed a phantom
  3658 | D:4      | Reached skill level 6 in Fighting
  3658 | D:4      | Reached XP level 7. HP: 58/58 MP: 7/7
  4009 | Temple   | Entered the Ecumenical Temple
  4126 | D:5      | Entered Level 5 of the Dungeon
  4233 | D:5      | Reached skill level 7 in Fighting
  4289 | D:5      | Found a sparkling altar of Nemelex Xobeh.
  4291 | D:5      | Found an iron altar of Okawaru.
  4453 | D:5      | Found a shimmering altar of Xom.
  4475 | D:5      | Found a sacrificial altar of Ru.
  4551 | D:5      | Reached skill level 7 in Crossbows
  4725 | D:5      | Reached ** piety under Cheibriados
  4777 | D:5      | Noticed Edmund
  4782 | D:5      | Reached XP level 8. HP: 67/67 MP: 8/8
  4794 | D:5      | Killed Edmund
  4958 | D:5      | Reached skill level 8 in Fighting
  5131 | D:5      | Found a shadowy altar of Dithmenos.
  5317 | D:5      | Reached skill level 1 in Armour
  5638 | D:5      | Reached skill level 2 in Armour
  5638 | D:5      | Reached skill level 3 in Dodging
  5811 | D:5      | Reached skill level 8 in Crossbows
  5971 | D:6      | Found Nojuack's Jewellery Shoppe.
  5998 | D:6      | Bought an uncursed ring of see invisible for 150 gold
                  | pieces
  6076 | D:6      | Reached skill level 3 in Armour
  6182 | D:6      | Reached skill level 4 in Dodging
  6230 | D:6      | Found a shattered altar of Ashenzari.
  6284 | D:6      | Reached *** piety under Cheibriados
  6284 | D:6      | Reached XP level 9. HP: 72/74 MP: 9/9
  6370 | D:6      | Reached skill level 4 in Armour
  6845 | D:6      | Reached skill level 5 in Dodging
  7430 | D:7      | Reached skill level 5 in Armour
  7520 | D:7      | Reached skill level 1 in Invocations
  7591 | D:7      | Reached skill level 9 in Crossbows
  7658 | D:7      | Reached skill level 2 in Invocations
  7669 | D:7      | Reached **** piety under Cheibriados
  8083 | D:7      | Learned a level 2 spell: Blink
  8094 | D:7      | Found Tatat's Gadget Boutique.
  8102 | D:7      | Bought a wand of paralysis (13) for 210 gold pieces
  8135 | D:7      | Reached skill level 3 in Invocations
  8232 | D:7      | Found an opulent altar of Gozag.
  8646 | D:8      | Found a transporter.
  8650 | D:8      | Noticed Circulus's ghost (journeyman TeAE)
  8675 | D:8      | Found a transporter.
  8818 | D:8      | Reached skill level 4 in Invocations
  9390 | D:8      | Reached XP level 10. HP: 77/80 MP: 13/13
  9625 | D:8      | Reached skill level 5 in Invocations
  9835 | D:9      | Noticed Maurice
  9980 | D:9      | Found a deep blue altar of Sif Muna.
 10031 | D:9      | Reached skill level 1 in Evocations
 10190 | D:9      | Reached skill level 2 in Evocations
 10213 | D:9      | Reached ***** piety under Cheibriados
 10364 | D:9      | Noticed Psyche
 10378 | D:9      | Killed Psyche
 10378 | D:9      | Reached skill level 6 in Invocations
 10378 | D:9      | Reached skill level 3 in Evocations
 10443 | D:9      | Reached skill level 4 in Evocations
 10452 | D:9      | Reached skill level 5 in Evocations
 10918 | D:9      | Killed Maurice
 10925 | D:9      | Reached skill level 7 in Invocations
 11036 | D:9      | Found a burning altar of Makhleb.
 11302 | D:5      | Noticed an unseen horror
 11320 | D:5      | Killed an unseen horror
 11320 | D:5      | Reached skill level 9 in Fighting
 11679 | D:10     | Entered Level 10 of the Dungeon
 11730 | D:9      | Reached XP level 11. HP: 89/89 MP: 16/16
 12055 | D:10     | Found a staircase to the Orcish Mines.
 12068 | D:10     | Reached skill level 8 in Invocations
 12406 | D:10     | Noticed Fannar
 12414 | D:10     | Killed Fannar
 12414 | D:10     | Reached skill level 10 in Fighting
 12931 | D:10     | Found a staircase to the Lair.
 12945 | D:9      | Reached skill level 11 in Fighting
 13542 | D:10     | Noticed an unseen horror
 13714 | Lair:1   | Entered Level 1 of the Lair of Beasts
 13927 | Lair:1   | Noticed a six-headed hydra
 13936 | Lair:1   | Killed a six-headed hydra
 13936 | Lair:1   | Reached skill level 3 in Staves
 14043 | Lair:1   | Reached skill level 4 in Staves
 14155 | Lair:1   | Reached skill level 5 in Staves
 14579 | Lair:1   | Reached skill level 6 in Staves
 15533 | Lair:2   | Reached skill level 7 in Staves
 15555 | Lair:2   | Noticed Erica
 15572 | Lair:2   | Killed Erica
 15572 | Lair:2   | Reached XP level 12. HP: 99/100 MP: 18/18
 15648 | Lair:2   | Reached skill level 8 in Staves
 15849 | Lair:2   | Reached skill level 12 in Fighting
 16791 | Lair:2   | Found a staircase to the Swamp.
 16971 | Lair:2   | Reached skill level 10 in Crossbows
 17728 | Lair:3   | Reached skill level 9 in Staves
 17881 | Lair:3   | Found a staircase to the Snake Pit.
 18531 | Lair:4   | Reached skill level 13 in Fighting
 18846 | Lair:4   | Noticed Sonja
 18861 | Lair:4   | Reached skill level 10 in Staves
 18862 | Lair:4   | Killed Sonja
 19628 | Lair:4   | Noticed an eight-headed hydra
 19646 | Lair:4   | Killed an eight-headed hydra
 19646 | Lair:4   | Gained mutation: You can hop long distances. [Barachi
                  | growth]
 19646 | Lair:4   | Reached XP level 13. HP: 112/112 MP: 19/19
 19720 | Lair:4   | Reached skill level 14 in Fighting
 19754 | Lair:3   | Reached skill level 11 in Staves
 20113 | Lair:4   | Noticed Nessos
 20115 | Lair:4   | Killed Nessos
 21078 | D:11     | Found a shadowy altar of Dithmenos.
 21344 | D:11     | Reached skill level 12 in Staves
 22841 | D:6      | Bought a +6 ring of protection for 780 gold pieces
 23250 | D:12     | Reached skill level 15 in Fighting
 23444 | D:12     | Reached ****** piety under Cheibriados
 23458 | D:12     | Reached skill level 6 in Armour
 23528 | D:12     | Reached skill level 6 in Dodging
 23719 | D:12     | Found a transporter.
 23722 | D:12     | Noticed a tengu reaver
 23722 | D:12     | Noticed a yaktaur captain
 23935 | D:12     | Found a transporter.
 23964 | D:12     | Reached skill level 1 in Bows
 24014 | D:12     | Reached skill level 7 in Armour
 24268 | Orc:1    | Entered Level 1 of the Orcish Mines
 24426 | Orc:1    | Reached skill level 2 in Bows
 24504 | Orc:2    | Entered Level 2 of the Orcish Mines
 24549 | Orc:2    | Reached skill level 7 in Dodging
 24558 | Orc:2    | Reached XP level 14. HP: 114/123 MP: 20/20
 25021 | Orc:2    | Found a staircase to the Elven Halls.
 25277 | Orc:2    | Reached skill level 3 in Bows
 25378 | Orc:2    | Noticed an orc warlord
 25380 | Orc:2    | Reached skill level 8 in Armour
 25390 | Orc:2    | Killed an orc warlord
 25390 | Orc:2    | Reached skill level 4 in Bows
 25390 | Orc:2    | Reached skill level 8 in Dodging
 25504 | Orc:2    | Identified the +2 chain mail "Amakh" {rElec rC+ Int+3} (You
                  | found it on level 2 of the Orcish Mines)
 26419 | Orc:2    | Found Qour's Distillery.
 26420 | Orc:2    | Reached skill level 9 in Armour
 26632 | Orc:2    | Found Jezxowk's General Store.
 27294 | Orc:2    | Reached skill level 5 in Bows
 27570 | Orc:2    | Reached skill level 9 in Dodging
 28320 | Orc:2    | Reached skill level 10 in Armour
 28370 | Orc:2    | Reached skill level 10 in Dodging
 28807 | Orc:2    | Reached skill level 1 in Translocations
 28916 | Orc:2    | Found Loec Qape's Antique Armour Boutique.
 28916 | Orc:2    | Found a one-way gate leading to the halls of Pandemonium.
 28916 | Orc:2    | Found Ythran's Gadget Shop.
 28922 | Orc:2    | Bought a wand of paralysis (5) for 91 gold pieces
 29096 | D:6      | Bought the amulet of Jubboid {RegenMP *Contam rElec rN+++
                  | Slay+2} for 678 gold pieces
 29318 | Lair:3   | Reached skill level 1 in Spellcasting
 29318 | Lair:3   | Reached skill level 2 in Translocations
 29930 | Lair:5   | Reached skill level 3 in Translocations
 29941 | Lair:5   | Reached skill level 2 in Spellcasting
 30026 | Lair:5   | Reached skill level 4 in Translocations
 30185 | Lair:5   | Found a viscous altar of Jiyva.
 30185 | Lair:5   | Found a staircase to the Slime Pits.
 30399 | Lair:5   | Reached skill level 5 in Translocations
 30478 | Lair:5   | Reached XP level 15. HP: 126/129 MP: 21/21
 30931 | Lair:5   | Reached skill level 6 in Translocations
 31132 | Lair:6   | Entered Level 6 of the Lair of Beasts
 31220 | Lair:6   | Reached skill level 7 in Translocations
 31307 | Lair:6   | Reached skill level 8 in Translocations
 31818 | Lair:6   | Reached skill level 6 in Bows
 32257 | Lair:6   | Learned a level 2 spell: Passwall
 32517 | Lair:6   | Reached skill level 7 in Bows
 32825 | Lair:6   | Reached skill level 8 in Bows
 34042 | D:13     | Reached skill level 9 in Bows
 34795 | D:14     | Reached skill level 10 in Bows
 35226 | D:14     | Identified the +2 rapier "Nydygh" {pierce, +Blink MR-
                  | Str+6} (You took it off a centaur warrior on level 14 of
                  | the Dungeon)
 35258 | D:14     | Reached XP level 16. HP: 136/136 MP: 22/22
 35402 | D:14     | Reached skill level 11 in Bows
 36165 | D:14     | Found a blossoming altar of Fedhas.
 36281 | D:14     | Found Ary Idubli's Blood Bar.
 36328 | D:14     | Reached skill level 12 in Bows
 36545 | D:14     | Identified Mivva's Tome of the Icy Mountains
 36812 | D:15     | Entered Level 15 of the Dungeon
 36924 | D:15     | Reached skill level 13 in Bows
 36966 | D:15     | Identified 2 scrolls of acquirement
 37108 | D:15     | Identified the +2 buckler of Recklessness {rC- Str+7 Dex+2}
                  | (You acquired it on level 15 of the Dungeon)
 37320 | D:15     | Found a staircase to the Depths.
 37834 | Orc:2    | Bought a pair of shimmering boots for 275 gold pieces
 37834 | Orc:2    | Identified the +2 pair of boots of the Eight Suns {+Inv
                  | SInv} (You bought it in a shop on level 2 of the Orcish
                  | Mines)
 38033 | D:6      | Bought an uncursed ring of poison resistance for 200 gold
                  | pieces
 38131 | D:8      | Killed Circulus's ghost
 38442 | Snake:1  | Entered Level 1 of the Snake Pit
 38953 | Snake:1  | Reached skill level 14 in Bows
 39424 | Snake:2  | Noticed a nagaraja
 39426 | Snake:2  | Noticed Azrael
 39748 | Snake:2  | Noticed Vashnia
 39925 | Snake:2  | Reached skill level 15 in Bows
 39933 | Snake:2  | Killed Azrael
 39933 | Snake:2  | Reached skill level 1 in Transmutations
 39933 | Snake:2  | Reached skill level 1 in Earth Magic
 39940 | Snake:2  | Reached XP level 17. HP: 92/142 MP: 23/23
 39949 | Snake:2  | Reached skill level 2 in Transmutations
 39955 | Snake:2  | Reached skill level 2 in Earth Magic
 40042 | Snake:2  | Noticed Asterion
 40062 | Snake:2  | Noticed an Executioner
 40076 | Snake:2  | Noticed an Executioner
 40077 | Snake:2  | Killed Asterion
 40077 | Snake:2  | Reached skill level 3 in Transmutations
 40080 | Snake:2  | Reached skill level 3 in Earth Magic
 40317 | Snake:2  | Identified the +0 shield of the Circus Animal {rElec rN+
                  | MR- Stlth+} (You took it off Asterion on level 2 of the
                  | Snake Pit)
 40379 | Snake:2  | Found Xischic's Gadget Shop.
 40387 | Snake:2  | Found Udaentef's Armour Boutique.
 40389 | Snake:2  | Found Befem's Food Shop.
 40417 | Snake:2  | Reached skill level 4 in Earth Magic
 40454 | Snake:2  | Killed Vashnia
 40454 | Snake:2  | Reached skill level 4 in Transmutations
 40823 | Snake:2  | Bought a +1 helmet for 126 gold pieces
 41058 | Snake:2  | Reached skill level 5 in Transmutations
 41058 | Snake:2  | Reached skill level 5 in Earth Magic
 41802 | Snake:3  | Found Facutuq's Food Boutique.
 42105 | Snake:3  | Noticed Roxanne
 42423 | Snake:3  | Found Geher's Book Shoppe.
 43538 | Snake:3  | Killed Roxanne
 43546 | Snake:3  | Identified Roxanne's Collected Works on Transmutation (You
                  | took it off Roxanne on level 3 of the Snake Pit)
 43587 | Snake:4  | Entered Level 4 of the Snake Pit
 43976 | Snake:4  | Reached skill level 16 in Bows
 43987 | Snake:4  | Learned a level 3 spell: Regeneration
 43990 | Snake:4  | Learned a level 2 spell: Sticks to Snakes
 43993 | Snake:4  | Learned a level 2 spell: Song of Slaying
 44791 | Snake:4  | Reached skill level 16 in Fighting
 44804 | Snake:4  | Reached XP level 18. HP: 151/151 MP: 24/24
 45464 | Snake:4  | Reached skill level 17 in Bows
 47400 | Snake:4  | Got a serpentine rune of Zot
 47688 | Swamp:1  | Entered Level 1 of the Swamp
 48192 | Swamp:1  | Reached skill level 17 in Fighting
 48578 | Swamp:2  | Reached skill level 6 in Evocations
 49356 | Swamp:2  | Reached skill level 7 in Evocations
 49616 | Swamp:3  | Reached skill level 18 in Bows
 49659 | Swamp:3  | Noticed a tentacled monstrosity
 49673 | Swamp:3  | Killed a tentacled monstrosity
 49987 | Swamp:3  | Reached XP level 19. HP: 161/161 MP: 25/25
 50448 | Swamp:4  | Entered Level 4 of the Swamp
 50971 | Swamp:4  | Reached skill level 1 in Charms
 51118 | Swamp:4  | Reached skill level 8 in Evocations
 51146 | Swamp:4  | Reached skill level 2 in Charms
 51146 | Swamp:4  | Reached skill level 1 in Necromancy
 51178 | Swamp:4  | Reached skill level 3 in Charms
 51221 | Swamp:4  | Reached skill level 2 in Necromancy
 51242 | Swamp:4  | Reached skill level 4 in Charms
 51715 | Swamp:4  | Reached skill level 5 in Charms
 52163 | Swamp:4  | Reached skill level 3 in Necromancy
 52329 | Swamp:4  | Reached skill level 6 in Charms
 52528 | Swamp:4  | Got a decaying rune of Zot
 52777 | Orc:2    | Bought a scroll of teleportation for 48 gold pieces
 52779 | Orc:2    | Bought a potion of might for 60 gold pieces
 52807 | Elf:1    | Entered Level 1 of the Elven Halls
 53162 | Elf:1    | Reached skill level 7 in Charms
 53198 | Elf:1    | Reached skill level 4 in Necromancy
 54776 | D:7      | Bought a wand of digging (6) for 280 gold pieces
 54941 | Elf:2    | Found Uqeobbom's Jewellery Emporium.
 54941 | Elf:2    | Found Mudutt's Jewellery Shoppe.
 55166 | Elf:2    | Reached skill level 19 in Bows
 55166 | Elf:2    | Reached XP level 20. HP: 131/170 MP: 26/26
 55171 | Elf:2    | Reached skill level 18 in Fighting
 55519 | Elf:2    | Found a huge runed gate.
 55519 | Elf:2    | Found a huge runed gate.
 55520 | Elf:2    | Found a huge runed gate.
 55524 | Elf:2    | Found a huge runed gate.
 55533 | Elf:2    | Found a huge runed gate.
 55688 | Elf:2    | Bought the ring "Udereav" {rF+ MP+9 Slay+3} for 838 gold
                  | pieces
 55769 | Elf:3    | Entered Level 3 of the Elven Halls
 55963 | Elf:3    | Found a portal to a secret trove of treasure.
 57776 | Elf:3    | Reached skill level 20 in Bows
 57926 | Elf:3    | Reached skill level 19 in Fighting
 58607 | Elf:3    | Identified the ring "Kaguij" {+Blink rPois rC+ Int-2} (You
                  | took it off a deep elf mage on level 3 of the Elven Halls)
 58802 | Elf:3    | Found the +6 arbalest "Damnation" {damnation}
 59041 | Elf:3    | Found the +9 heavy crossbow "Sniper" {velocity, Acc+∞ SInv}
 59044 | Elf:3    | Identified Sif Muna's Compendium of Quantum Boosts
 59048 | Elf:3    | Learned a level 1 spell: Apportation
 59055 | Elf:3    | Learned a level 6 spell: Deflect Missiles
 59318 | Elf:2    | Reached skill level 20 in Fighting
 59343 | Elf:2    | Reached skill level 1 in Air Magic
 59356 | Elf:2    | Reached skill level 2 in Air Magic
 59358 | Elf:2    | Noticed Louise
 59383 | Elf:2    | Killed Louise
 59402 | Elf:2    | Reached XP level 21. HP: 182/183 MP: 27/27
 59491 | Elf:2    | Reached skill level 3 in Air Magic
 59746 | Elf:2    | Reached skill level 4 in Air Magic
 60178 | D:14     | Reached skill level 8 in Charms
 60224 | D:14     | Found a gate to the Vaults.
 60239 | D:14     | Reached skill level 5 in Air Magic
 60349 | Vaults:1 | Entered Level 1 of the Vaults
 60562 | Vaults:1 | Reached skill level 3 in Spellcasting
 60609 | Vaults:1 | Reached skill level 6 in Air Magic
 60959 | Vaults:1 | Reached skill level 9 in Invocations
 61634 | Vaults:1 | Reached skill level 10 in Invocations
 61775 | Vaults:1 | Found Kottihiam's Distillery.
 61783 | Vaults:1 | Bought a potion of agility for 52 gold pieces
 61783 | Vaults:1 | Bought a potion of cancellation for 104 gold pieces
 62417 | Vaults:2 | Reached skill level 11 in Invocations
 62903 | Vaults:2 | Reached skill level 12 in Invocations
 62982 | Vaults:2 | Noticed a bone dragon
 62991 | Vaults:2 | Killed a bone dragon
 62991 | Vaults:2 | Reached XP level 22. HP: 190/190 MP: 31/31
 63114 | Vaults:2 | Found a staircase to the Crypt.
 63453 | Vaults:2 | Reached skill level 7 in Air Magic
 63538 | Vaults:2 | Reached skill level 4 in Spellcasting
 63595 | Vaults:2 | Found a runed door.
 63595 | Vaults:2 | Noticed Aptutam's ghost (adept MiFi)
 63792 | Vaults:3 | Reached skill level 9 in Charms
 63908 | Vaults:3 | Noticed Xtahua
 63922 | Vaults:3 | Killed Xtahua
 64117 | Vaults:3 | Reached skill level 8 in Air Magic
 64335 | Vaults:3 | Reached skill level 5 in Spellcasting
 64659 | Vaults:3 | Reached skill level 9 in Air Magic
 65076 | Vaults:3 | Reached skill level 10 in Charms
 65363 | Vaults:3 | Reached skill level 10 in Air Magic
 65850 | Vaults:4 | Reached skill level 11 in Charms
 65922 | Vaults:4 | Reached skill level 11 in Air Magic
 66247 | Vaults:4 | Found Guizyan's Jewellery Shoppe.
 67088 | Vaults:4 | Reached skill level 12 in Charms
 67413 | Depths:1 | Entered Level 1 of the Depths
 67415 | Depths:1 | Reached skill level 12 in Air Magic
 67415 | Depths:1 | Reached XP level 23. HP: 196/196 MP: 32/32
 67909 | Depths:1 | Found a gateway to Hell.
 68080 | Depths:1 | Noticed Sojobo
 68139 | Depths:1 | Killed Sojobo
 68139 | Depths:1 | Reached skill level 13 in Charms
 68169 | Depths:1 | Reached skill level 13 in Air Magic
 69031 | Depths:2 | You fall through a shaft for 2 floors!
 69439 | Depths:4 | Found a one-way gate to the infinite horrors of the Abyss.
 69577 | Depths:3 | Reached skill level 6 in Spellcasting
 69716 | Depths:3 | Found a flickering gateway to a bazaar.
 69731 | Depths:3 | Reached skill level 14 in Charms
 69743 | Depths:3 | Reached skill level 7 in Spellcasting
 69746 | Depths:3 | Reached skill level 14 in Air Magic
 69749 | Depths:3 | Paralysed by a floating eye for 4 turns
 69771 | Bazaar   | Entered a bazaar
 69771 | Bazaar   | Found Xeew's Antique Armour Shoppe.
 69771 | Bazaar   | Found Mius's Assorted Antiques.
 69771 | Bazaar   | Found Vamyum's Food Emporium.
 69773 | Bazaar   | Found Cenaem's Food Emporium.
 69788 | Bazaar   | Bought an encrusted plate armour for 392 gold pieces
 69788 | Bazaar   | Identified the +5 plate armour of the Skies Above {rPois
                  | rN+ Int+4} (You bought it in a shop in a bazaar)
 69789 | Bazaar   | Bought a runed cloak for 105 gold pieces
 69813 | Bazaar   | Bought a scroll of enchant armour for 202 gold pieces
 70248 | Depths:2 | Reached skill level 11 in Armour
 70303 | Depths:2 | Reached XP level 24. HP: 205/205 MP: 33/33
 70733 | Depths:2 | Found Rakuxod's Gadget Shop.
 70741 | Depths:2 | Bought a wand of clouds (7) for 627 gold pieces
 70993 | Depths:3 | Reached skill level 12 in Armour
 71734 | Depths:3 | Reached skill level 21 in Fighting
 71794 | Depths:3 | Identified the Disquisition on Shifting Flight
 72249 | Depths:4 | Found a gateway to a ziggurat.
 72451 | Depths:4 | Reached skill level 13 in Armour
 72594 | Depths:4 | Identified the +3 cloak of Abstinence {rPois rCorr} (You
                  | found it on level 4 of the Depths)
 72942 | Depths:4 | Noticed Boris
 72946 | Depths:4 | Killed Boris
 73081 | Depths:5 | Entered Level 5 of the Depths
 73187 | Depths:5 | Reached skill level 14 in Armour
 73454 | Depths:5 | Noticed a caustic shrike
 73460 | Depths:5 | Noticed a caustic shrike
 73463 | Depths:5 | Noticed a caustic shrike
 73467 | Depths:5 | Killed a caustic shrike
 73467 | Depths:5 | Reached skill level 22 in Fighting
 73467 | Depths:5 | Killed a caustic shrike
 73467 | Depths:5 | Killed a caustic shrike
 73561 | Depths:5 | Reached skill level 15 in Armour
 73888 | Depths:5 | Reached XP level 25. HP: 211/218 MP: 33/33
 73961 | Depths:5 | Found a runed door.
 73961 | Depths:5 | Found a shimmering altar of Xom.
 73961 | Depths:5 | Noticed Koimpa's ghost (veteran MiBe)
 74310 | Vaults:5 | Entered Level 5 of the Vaults
 74318 | Vaults:5 | Reached skill level 11 in Dodging
 74335 | Vaults:5 | Reached skill level 23 in Fighting
 74663 | Vaults:5 | Found Ythuef's Antique Weapon Shoppe.
 74663 | Vaults:5 | Noticed an ancient lich
 74680 | Vaults:5 | Killed an ancient lich
 74743 | Vaults:5 | Got a silver rune of Zot
 74796 | Vaults:5 | Reached skill level 12 in Dodging
 75000 | Vaults:5 | Reached skill level 24 in Fighting
 75665 | Vaults:5 | Reached skill level 13 in Dodging
 75744 | Vaults:5 | Reached XP level 26. HP: 233/233 MP: 33/33
 75910 | Vaults:5 | Got a steaming lapis lazuli ring
 75979 | Vaults:5 | Identified the ring "Xykeev" {rCorr rPois Str+6} (You took
                  | it off a tengu reaver on level 5 of the Vaults)
 76306 | Vaults:5 | Reached skill level 25 in Fighting
 76623 | Vaults:5 | Identified the cursed +0 hat of Ynwick {*Corrode Int+5
                  | Dex+4} (You found it on level 5 of the Vaults)
 77231 | Elf:3    | You paid a toll of +3 storm dragon scales to enter a
                  | treasure trove
 77232 | Trove    | Entered a treasure trove
 77602 | Slime:1  | Entered Level 1 of the Pits of Slime
 77865 | Slime:2  | Reached skill level 14 in Dodging
 77957 | Slime:4  | Gained mutation: Scrolls take you a little longer to read.
                  | [a shining eye]
 77957 | Slime:4  | Gained mutation: Armour fits poorly on your strangely
                  | shaped body. [a shining eye]
 77995 | Slime:5  | Entered Level 5 of the Pits of Slime
 78035 | Slime:5  | Found a viscous altar of Jiyva.
 78035 | Slime:5  | Noticed the Royal Jelly
 78082 | Slime:5  | Killed the Royal Jelly
 78269 | Slime:5  | Reached skill level 26 in Fighting
 78270 | Slime:5  | Got a slimy rune of Zot
 78527 | Slime:5  | Lost mutation: Scrolls take you a little longer to read.
                  | [potion of mutation]
 78527 | Slime:5  | Lost mutation: Armour fits poorly on your strangely shaped
                  | body. [potion of mutation]
 78527 | Slime:5  | Gained mutation: Your skin changes colour to match your
                  | surroundings (Stealth+). [potion of mutation]
 78527 | Slime:5  | Gained mutation: Scrolls take you a little longer to read.
                  | [potion of mutation]
 78527 | Slime:5  | Gained mutation: You are resistant to hostile enchantments.
                  | (MR+) [potion of mutation]
 78856 | Depths:3 | Lost mutation: Scrolls take you a little longer to read.
                  | [potion of mutation]
 78856 | Depths:3 | Lost mutation: You are resistant to hostile enchantments.
                  | (MR+) [potion of mutation]
 78856 | Depths:3 | Lost mutation: Your skin changes colour to match your
                  | surroundings (Stealth+). [potion of mutation]
 78856 | Depths:3 | Gained mutation: Scrolls take you a little longer to read.
                  | [potion of mutation]
 78856 | Depths:3 | Gained mutation: Your magical capacity is low. (-10% MP)
                  | [potion of mutation]
 78856 | Depths:3 | Gained mutation: Your body sometimes deteriorates upon
                  | taking damage. [potion of mutation]
 78856 | Depths:3 | Gained mutation: Your mind is acute. (Int +2) [potion of
                  | mutation]
 78857 | Depths:3 | Lost mutation: Your magical capacity is low. (-10% MP)
                  | [potion of mutation]
 78857 | Depths:3 | Lost mutation: Scrolls take you a little longer to read.
                  | [potion of mutation]
 78857 | Depths:3 | Lost mutation: Your mind is acute. (Int +2) [potion of
                  | mutation]
 78857 | Depths:3 | Gained mutation: Your spells are a little easier to cast,
                  | but a little less powerful. [potion of mutation]
 78857 | Depths:3 | Gained mutation: You are resistant to hostile enchantments.
                  | (MR+) [potion of mutation]
 78857 | Depths:3 | Gained mutation: Your flesh is cold resistant. (rC+)
                  | [potion of mutation]
 78857 | Depths:3 | Gained mutation: You have a pair of small antennae on your
                  | head. [potion of mutation]
 79380 | Depths:4 | Voluntarily entered the Abyss.
 79522 | Abyss:3  | Found a corrupted altar of Lugonu.
 79728 | Abyss:3  | Gained mutation: Your spells are easier to cast, but less
                  | powerful. [a neqoxec]
 79783 | Abyss:3  | Found a corrupted altar of Lugonu.
 79918 | Abyss:3  | Found an opulent altar of Gozag.
 79920 | Abyss:3  | Yermak: Back to dcss?
 79921 | Abyss:3  | Kagerou: Just bored out of my mind.
 80068 | Abyss:3  | Yermak: I like how Ba's jump is absolutely silent
 80074 | Abyss:3  | Kagerou: Yeah, i'm also wearing shadow dragon scales just
                  | for this place.
 80116 | Abyss:3  | Yermak: rune vault
 80186 | Abyss:3  | Yermak: yesterday 0.11 abyss was a nightmare
 80205 | Abyss:3  | Yermak: oh lol
 80205 | Abyss:3  | Kagerou: Missed two rune vaults already, huh.
 80296 | Abyss:3  | Yermak: not waiting out -Hop?
 80349 | Abyss:3  | Kagerou: I forget to wait it out sometimes.
 80405 | Abyss:3  | Reached skill level 15 in Dodging
 80418 | Abyss:3  | Kagerou: Ranged Barachi seems pretty amazing.
 80776 | Abyss:3  | Got an abyssal rune of Zot
 80883 | Abyss:3  | Reached XP level 27. HP: 227/247 MP: 33/33
 80895 | Depths:4 | Escaped the Abyss
 81109 | Depths:5 | Reached skill level 27 in Fighting
 81129 | Depths:5 | Found a gate to the Realm of Zot.
 81219 | Zot:1    | Entered Level 1 of the Realm of Zot
 81315 | Zot:1    | Found a runed door.
 81315 | Zot:1    | Noticed coier1's ghost (legendary GnWn)
 81576 | D:12     | Got a warped copper ring
 81589 | D:12     | Identified the Guide on Unstable Malediction
 82102 | Zot:1    | Reached skill level 13 in Staves
 82491 | Zot:1    | Reached skill level 16 in Armour
 82732 | Zot:2    | Reached skill level 16 in Dodging
 83174 | Zot:2    | Reached skill level 14 in Staves
 83197 | Zot:2    | Identified the ring of the Thirteen Wonders {rCorr rElec
                  | rF- rC+++ rN+} (You took it off a centaur warrior on level
                  | 12 of the Dungeon)
 83443 | Zot:2    | Reached skill level 9 in Evocations
 83511 | Zot:2    | Reached skill level 10 in Evocations
 83601 | Zot:2    | Reached skill level 11 in Evocations
 84141 | Zot:3    | Reached skill level 17 in Armour
 84141 | Zot:3    | Reached skill level 12 in Evocations
 84456 | Zot:3    | Reached skill level 17 in Dodging
 84624 | Zot:3    | Reached skill level 13 in Evocations
 85132 | Zot:4    | Got a pair of fine boots
 85133 | Zot:4    | Identified the +5 pair of boots of Dim Light {rC++ Str+3
                  | Int+3} (You acquired it on level 4 of the Realm of Zot)
 85399 | Zot:4    | Reached skill level 14 in Evocations
 85726 | Zot:4    | Reached skill level 15 in Evocations
 85909 | Zot:4    | Reached skill level 18 in Armour
 86135 | Zot:4    | Reached skill level 18 in Dodging
 86190 | Zot:5    | Entered Level 5 of the Realm of Zot
 86445 | Zot:5    | Noticed an orb of fire
 86459 | Zot:5    | Killed an orb of fire
 86483 | Zot:5    | Reached skill level 19 in Armour
 86508 | Zot:5    | Noticed an ancient lich
 86519 | Zot:5    | Killed an ancient lich
 86593 | Zot:5    | Noticed an ancient lich
 86600 | Zot:5    | Killed an ancient lich
 86763 | Zot:5    | Reached skill level 19 in Dodging
 86860 | Zot:5    | Noticed an orb of fire
 86861 | Zot:5    | Gained mutation: You are clumsy. (Dex -2) [an orb of fire]
 86867 | Zot:5    | Noticed an orb of fire
 86870 | Zot:5    | Killed an orb of fire
 86896 | Zot:5    | Gained mutation: Scrolls take you a little longer to read.
                  | [an orb of fire]
 86897 | Zot:5    | Gained mutation: Your body often deteriorates upon taking
                  | damage. [an orb of fire]
 86898 | Zot:5    | Gained mutation: You tend to lose your temper in combat.
                  | [an orb of fire]
 86899 | Zot:5    | Gained mutation: You are weak. (Str -2) [an orb of fire]
 86922 | Zot:5    | Killed an orb of fire
 86922 | Zot:5    | Reached skill level 20 in Armour
 86952 | Zot:5    | Lost mutation: You are resistant to hostile enchantments.
                  | (MR+) [potion of mutation]
 86952 | Zot:5    | Lost mutation: Scrolls take you a little longer to read.
                  | [potion of mutation]
 86952 | Zot:5    | Lost mutation: You have a pair of small antennae on your
                  | head. [potion of mutation]
 86952 | Zot:5    | Lost mutation: You tend to lose your temper in combat.
                  | [potion of mutation]
 86952 | Zot:5    | Lost mutation: Your flesh is cold resistant. (rC+) [potion
                  | of mutation]
 86952 | Zot:5    | Gained mutation: You are partially covered in iridescent
                  | scales. (AC +2) [potion of mutation]
 86953 | Zot:5    | Lost mutation: Your spells are easier to cast, but less
                  | powerful. [potion of mutation]
 86953 | Zot:5    | Lost mutation: Your body often deteriorates upon taking
                  | damage. [potion of mutation]
 86953 | Zot:5    | Lost mutation: You are clumsy. (Dex -2) [potion of
                  | mutation]
 86953 | Zot:5    | Lost mutation: You are weak. (Str -2) [potion of mutation]
 86953 | Zot:5    | Gained mutation: You evolve. [potion of mutation]
 87012 | Zot:5    | Noticed an orb of fire
 87019 | Zot:5    | Noticed an orb of fire
 87029 | Zot:5    | Killed an orb of fire
 87040 | Zot:5    | Killed an orb of fire
 87224 | Zot:5    | Reached skill level 20 in Dodging
 87225 | Zot:5    | Noticed an orb of fire
 87234 | Zot:5    | Killed an orb of fire
 87259 | Zot:5    | Reached skill level 21 in Armour
 87332 | Zot:5    | Noticed an ancient lich
 87342 | Zot:5    | Killed an ancient lich
 87385 | Zot:5    | Lost mutation: Your body sometimes deteriorates upon taking
                  | damage. [evolution]
 87662 | Zot:5    | Noticed an ancient lich
 87666 | Zot:5    | Killed an ancient lich
 88822 | Zot:5    | Got the Orb of Zot
 88870 | Zot:5    | Noticed Kuparph the pandemonium lord
 89236 | D:14     | Noticed Xaaqyreyt the pandemonium lord
 89278 | D:13     | Reached skill level 21 in Dodging
 89408 | D:9      | Noticed Ceymm the pandemonium lord
 89594 | D:1      | Noticed Konu the pandemonium lord
 89601 | D:1      | Noticed Fefaves the pandemonium lord
 89606 | D:1      | Killed Konu the pandemonium lord
 89606 | D:1      | Reached skill level 22 in Armour
 89615 | D:1      | Killed Fefaves the pandemonium lord
 89662 | D:$      | Escaped with the Orb!

Skill      XL: |  1  2  3  4  5  6  7  8  9 10 11 12 13 14 15 16 17 18 19 20 21 22 23 24 25 26 27 |
---------------+----------------------------------------------------------------------------------+-----
Fighting       | 3 4 5 6 7 8 9 11 13 15 16 17 20 22 24 26 27 | 27.0
Crossbows      | 5 6 7 8 9 10 | 10.0
Stealth        | 1 2 |  2.3
Armour         | 3 5 7 10 11 15 22 | 22.0
Dodging        | 4 5 7 10 13 15 21 | 21.2
Invocations    | 4 7 8 12 | 12.0
Evocations     | 5 7 8 15 | 15.1
Staves         | 7 10 12 14 | 14.0
Bows           | 2 5 10 15 16 18 19 20 | 20.0
Translocations | 5 8 |  8.0
Spellcasting   | 2 3 5 7 |  7.0
Transmutations | 1 5 |  5.0
Earth Magic    | 1 5 |  5.0
Charms         | 7 8 12 14 | 14.0
Necromancy     | 4 |  4.0
Air Magic      | 2 6 12 14 | 14.0

Action                   |  1- 3 |  4- 6 |  7- 9 | 10-12 | 13-15 | 16-18 | 19-21 | 22-24 | 25-27 || total
-------------------------+-------+-------+-------+-------+-------+-------+-------+-------+-------++-------
Melee: Short sword       |   113 |    95 |   113 |   156 |       |       |       |       |       ||   477
       Quarterstaff      |       |       |       |   262 |   912 |    55 |       |       |       ||  1229
       Lajatang          |       |       |       |       |       |    43 |       |    19 |       ||    62
 Fire: Hand crossbow     |    29 |    49 |   151 |   118 |    37 |       |       |       |       ||   384
       Shortbow          |       |       |   267 |   376 |     8 |       |       |       |       ||   651
       Longbow           |       |       |       |       |   548 |  1216 |  1543 |  1651 |  2390 ||  7348
       Blowgun           |       |       |       |       |     5 |       |       |       |       ||     5
Throw: Stone             |    45 |    35 |    41 |     2 |       |       |       |       |       ||   123
       Tomahawk          |       |    10 |       |       |       |       |       |       |       ||    10
 Cast: Blink             |       |       |       |       |     4 |     2 |       |     3 |     4 ||    13
       Passwall          |       |       |       |       |       |     9 |     2 |     4 |    30 ||    45
       Regeneration      |       |       |       |       |       |       |    19 |    38 |    66 ||   123
       Apportation       |       |       |       |       |       |       |       |     3 |   289 ||   292
       Deflect Missiles  |       |       |       |       |       |       |       |     6 |     8 ||    14
       Sticks to Snakes  |       |       |       |       |       |       |       |       |     4 ||     4
Invok: Bend Time         |       |       |     1 |     9 |     8 |     1 |       |     3 |     4 ||    26
       Slouch            |       |       |       |     4 |    15 |    12 |     8 |    12 |    29 ||    80
       Temporal Distorti |       |       |       |       |     1 |       |       |       |       ||     1
 Abil: Hop               |     3 |     3 |     9 |    19 |    16 |    24 |    13 |    28 |    35 ||   150
       Evoke Invisibilit |       |       |       |       |       |     2 |     1 |       |     2 ||     5
Evoke: Wand              |       |       |     1 |    14 |     4 |     3 |       |     3 |     9 ||    34
       Lightning rod     |       |       |       |       |     7 |       |       |       |       ||     7
       Lamp of fire      |       |       |       |       |       |       |       |       |     1 ||     1
  Use: Scroll            |     2 |     6 |     9 |    15 |    12 |    17 |     6 |     5 |    33 ||   105
       Potion            |       |       |     3 |     1 |       |     5 |       |     1 |    10 ||    20
 Stab: Petrified         |       |       |       |       |     8 |       |       |       |       ||     8
  Eat: Chunk             |     2 |     8 |     3 |     7 |    23 |     7 |    14 |    20 |    11 ||    95
       Ration            |       |       |     4 |     3 |     3 |     6 |     4 |     2 |     9 ||    31
Armor: Leather armour    |    25 |       |       |       |       |       |       |       |       ||    25
       Ring mail         |    10 |    31 |    39 |       |       |       |       |       |       ||    80
       Plate armour      |       |       |   141 |   347 |   411 |   164 |   116 |   190 |   286 ||  1655
       Shadow dragon sca |       |       |       |       |       |    95 |    83 |       |    26 ||   204
Dodge: Dodged            |    95 |    57 |   172 |   328 |   491 |   408 |   273 |   239 |   674 ||  2737
       Deflected         |       |       |       |       |       |       |       |    65 |   122 ||   187
